 Dungeon Crawl Stone Soup version 0.27.1-33-g824d729ab1 (webtiles) character file.

Game seed: 12878831489165643520

322 safid the Chopper (level 6, -2/56 HPs)
             Began as a Hill Orc Fighter on Dec 15, 2021.
             Slain by Edmund (11 damage)
             ... on level 4 of the Dungeon.
             The game lasted 00:05:33 (2766 turns).

safid the Chopper (Hill Orc Fighter)                Turns: 2766, Time: 00:05:33

Health: -2/56      AC:  7    Str: 21    XL:     6   Next: 47%
Magic:  6/6        EV:  7    Int:  8    God:
Gold:   155        SH: 10    Dex: 10    Spells: 5/5 levels left

rFire    . . .     SeeInvis .   a - +0 war axe
rCold    . . .     Faith    .   c - +0 kite shield
rNeg     . . .     Spirit   .   b - +0 scale mail
rPois    .         Reflect  .   (no helmet)
rElec    .         Harm     .   (no cloak)
rCorr    +         Rampage  .   (no gloves)
Will     .....                  (no boots)
Stlth    ..........             (no amulet)
HPRegen  0.18/turn              k - ring of resist corrosion
MPRegen  0.10/turn              d - ring of flight

@: mighty, flying
A: no striking features
a: no special abilities


You were on level 4 of the Dungeon.
You visited 1 branch of the dungeon, and saw 4 of its levels.

You collected 155 gold pieces.

Inventory:

Hand Weapons
 a - a +0 war axe (weapon)
Armour
 b - a +0 scale mail (worn)
 c - a +0 kite shield (worn)
Jewellery
 d - a ring of flight (right hand)
 k - a ring of resist corrosion (left hand)
Wands
 n - a wand of iceblast (11)
Scrolls
 e - 4 scrolls of identify {unknown}
 f - a scroll of fog {unknown}
 i - a scroll of magic mapping {unknown}
 j - a scroll of teleportation {unknown}
Potions
 g - 3 potions of attraction {unknown}
 h - a potion of resistance {unknown}
 l - a potion of curing {unknown}
 m - a potion of haste {unknown}


   Skills:
 + Level 5.3 Fighting
 + Level 5.4 Axes
 - Level 4.0 Armour
 + Level 5.0 Shields


You had 5 spell levels left.
You didn't know any spells.
Your spell library contained the following spells:

 Spells                   Type           Power      Damage    Failure   Level
 Animate Skeleton         Necr           0%         N/A       99%         1
 Magic Dart               Conj           0%         1d3       99%         1
 Pain                     Necr           0%         1d4       99%         1
 Call Imp                 Summ           0%         N/A       99%         2
 Mephitic Cloud           Conj/Pois/Air  0%         N/A       100%        3
 Vampiric Draining        Necr           0%         2d6       100%        3


Dungeon Overview and Level Annotations

Branches:
Dungeon (4/15)
 Temple: D:4-7

Altars:

Shops:
D:1 [

Annotations:
D:4 Edmund


Message History

Found a scroll labelled JIEJAA ZEJIQOI.
Found a stone staircase leading down.
Found 12 gold pieces.
Edmund the Younger comes into view.
He is wielding a +3 flail of protection.
Found a short sword.
Edmund shouts!
Found a robe and a fizzy brown potion.
A ball python comes into view.
You feel very mighty all of a sudden.
The ball python hisses angrily.
Found 5 gold pieces.
You hit Edmund but do no damage. You block Edmund's attack.
Unknown command.
You closely miss Edmund. You slash the ball python!
You kill the ball python!
Edmund hits you with a +3 flail of protection!
Edmund drinks a potion.
Edmund goes berserk!
Unknown command.
You closely miss Edmund.
Edmund hits you with a +3 flail of protection!!
You block Edmund's attack.
Unknown command.
You hit Edmund but do no damage.
Edmund hits you with a +3 flail of protection!
You block Edmund's attack.
Unknown command.
You closely miss Edmund.
Edmund hits you with a +3 flail of protection.
You block Edmund's attack.
Unknown command.
You hit Edmund.
Edmund is lightly wounded.
Edmund hits you with a +3 flail of protection!
* * * LOW HITPOINT WARNING * * *
Edmund hits you with a +3 flail of protection.
* * * LOW HITPOINT WARNING * * *
Edmund barely misses you.
You slash Edmund!
Edmund is moderately wounded.
Edmund hits you with a +3 flail of protection!
You die...

### #.. ....
#<######.# #.#.#
#.##.. ..# #.....
#.##.# #.# .....
#.##.###.##...#
#.............# .
#######.......#..#
#.>.......[.
#..?@......#
####@#......
#.....)!.
.##.....# . .$ #.#
.. .. . .. .#. ###
..$


You could see Edmund (berserk).

Vanquished Creatures
  Sigmund (D:2)
  A hound (D:3)
  Ijyb (D:3)
  3 adders
  2 worms
  A dart slug (D:1)
  7 orcs
  6 ball pythons
  3 bats
  3 endoplasms
  4 giant cockroaches
  8 goblins
  4 hobgoblins
  4 jackals (D:3)
  A kobold (D:1)
  5 quokkas
  3 frilled lizards (D:2)
  3 rats
60 creatures vanquished.

Notes
Turn   | Place    | Note
-------+----------+-------------------------------------------
     0 | D:1      | safid the Hill Orc Fighter began the quest for the Orb.
     0 | D:1      | Reached XP level 1. HP: 19/19 MP: 1/1
   104 | D:1      | Found Oxtistis's Antique Armour Boutique.
   250 | D:1      | Reached XP level 2. HP: 27/27 MP: 2/2
   678 | D:2      | Reached XP level 3. HP: 25/33 MP: 3/3
  1453 | D:2      | Noticed Sigmund
  1461 | D:2      | Killed Sigmund
  1462 | D:2      | Reached skill level 5 in Fighting
  1462 | D:2      | Reached XP level 4. HP: 41/42 MP: 4/4
  1462 | D:2      | Reached XP level 5. HP: 47/48 MP: 5/5
  1681 | D:3      | Found a faded altar of an unknown god.
  1691 | D:3      | Reached skill level 5 in Axes
  1691 | D:3      | Reached XP level 6. HP: 53/56 MP: 6/6
  1862 | D:3      | Noticed Ijyb
  1868 | D:3      | Killed Ijyb
  2569 | D:3      | Reached skill level 5 in Shields
  2756 | D:4      | Noticed Edmund
  2766 | D:4      | Slain by Edmund

Illustrated notes

Levels and vault maps discovered:
D:1:      dpeg_arrival_circle_labyrinth_a, layout_rooms, serial_glass,
          glass_columns_b, glass_columns_c, item_on_display_a, serial_shops,
          nicolae_shop_overgrown_old_shop, hangedman_decor_opposing
D:2:      layout_loops_corners, wad_floor_pattern_untrapped, uniq_sigmund
D:3:      layout_loops_ring, ebering_ecumenical_altar_petrified,
          kennysheep_doodads, moated_statue, st_stairs_7, uniq_ijyb
D:4:      layout_basic, chequers_serial_rivers_micro_a, uniq_edmund, uniq_robin

Skill      XL: |  1  2  3  4  5  6 |
---------------+-------------------+-----
Axes           | 3 4 5 |  5.4
Fighting       | 4 5 |  5.3
Armour         | 4 |  4.0
Shields        | 4 5 |  5.0

Action                   |  1- 3 |  4- 6 || total
-------------------------+-------+-------++-------
Melee: War axe           |    93 |   106 ||   199
  Use: Potion            |     1 |     1 ||     2
Armor: Scale mail        |    39 |    46 ||    85
Dodge: Dodged            |    28 |    30 ||    58
Block: Kite shield       |    40 |    71 ||   111
